 Dungeon Crawl Stone Soup version 0.28-a0-20-gdd470a43dd (webtiles) character file.

Game seed: 15198124322520298216

21 DocSulfur the Shield-Bearer (level 3, 0/29 HPs)
             Began as a Formicid Fighter on July 26, 2021.
             Slain by a bat (1 damage)
             ... on level 1 of the Dungeon.
             The game lasted 00:02:20 (115 turns).

DocSulfur the Shield-Bearer (Formicid Fighter)       Turns: 115, Time: 00:02:20

Health: 0/29       AC:  6    Str: 21    XL:     3   Next: 2%
Magic:  3/3        EV:  8    Int:  7    God:
Gold:   10         SH:  9    Dex: 10    Spells: 2/2 levels left

rFire   . . .      SeeInvis +   a - +0 flail
rCold   . . .      Faith    .   c - +0 kite shield
rNeg    . . .      Spirit   .   b - +0 scale mail
rPois   .          Reflect  .   (helmet unavailable)
rElec   .          Harm     .   (no cloak)
rCorr   .          Rampage  .   (no gloves)
Will    .....                   (no boots)
Stlth   ..........              (no amulet)
HPRegen 0.09/turn               (no ring)
MPRegen 0.08/turn               (no ring)

@: no status effects
A: permanent stasis, dig shafts and tunnels, antennae 3, four strong arms
a: Dig, Shaft Self


You were on level 1 of the Dungeon.
You visited 1 branch of the dungeon, and saw 1 of its levels.

You collected 10 gold pieces.

Inventory:

Hand Weapons
 a - a +0 flail (weapon)
Armour
 b - a +0 scale mail (worn)
 c - a +0 kite shield (worn)
Potions
 d - a potion of might


   Skills:
 - Level 3.2 Fighting
 + Level 2.4 Maces & Flails
 - Level 3.2 Armour
 * Level 4.5 Shields


You had 2 spell levels left.
You didn't know any spells.
Your spell library was empty.

Dungeon Overview and Level Annotations

Branches:
Dungeon (1/15)

Altars:


Innate Abilities, Weirdness & Mutations

You cannot be hasted, slowed, berserked, paralysed or teleported.
You can dig through walls and to a lower floor.
You have a pair of large antennae on your head. (SInv)
Your four strong arms can wield two-handed weapons with a shield.


Message History

You sock the rat!
You kill the rat!
You block the bat's attack. The bat closely misses you.
Your shield and scale mail prevent you from hitting the goblin.
You block the bat's attack. The bat closely misses you.
The goblin hits you but does no damage. You block the goblin's attack.
You hit the goblin.
The goblin is severely wounded.
You block the bat's attack. The bat barely misses you.
You block the bat's attack. The goblin completely misses you.
You barely miss the goblin.
The goblin is severely wounded.
The bat closely misses you. x2; The hobgoblin hits you.
* * * LOW HITPOINT WARNING * * *
You block the goblin's attack.
The hobgoblin hits you but does no damage.
The goblin hits you with a +0 dagger.
* * * LOW HITPOINT WARNING * * *
You hit the goblin.
The goblin is severely wounded.
The bat hits you but does no damage. x2; The hobgoblin hits you.
* * * LOW HITPOINT WARNING * * *
You block the goblin's attack.
You barely miss the goblin.
The goblin is severely wounded.
The bat hits you.
* * * LOW HITPOINT WARNING * * *
The bat closely misses you.
The hobgoblin hits you but does no damage.
You block the goblin's attack. The hobgoblin closely misses you.
You closely miss the goblin.
The goblin is severely wounded.
You block the bat's attack. x2; The goblin hits you with a +0 dagger.
* * * LOW HITPOINT WARNING * * *
The hobgoblin hits you but does no damage.
You block the bat's attack. You block the goblin's attack.
You hit the goblin.
You kill the goblin!
The bat hits you.
You die...

#....#ยง............
#....###..8.###.8..
#.#..#K#........... h
###.#..#######'''#### ..
#...#...##........... ##.#
#.####..##........... #....
#.# #...###.......##
#.....#.######...##'''''##.
#.....)rh)@b###............
#.....#####g# ######..###..
#.... ... ..## # .... ...#
#.## #.# ..... #. # ...###
#. ...# .. #### ..


You could see a jackal, a hobgoblin, a bat and a rat.

Vanquished Creatures
  A bat (D:1)
  3 goblins (D:1)
  A hobgoblin (D:1)
  7 jackals (D:1)
  2 quokkas (D:1)
  2 ball pythons (D:1)
  A frilled lizard (D:1)
  A rat (D:1)
18 creatures vanquished.

Notes
Turn   | Place    | Note
-------+----------+-------------------------------------------
     0 | D:1      | DocSulfur the Formicid Fighter began the quest for the Orb.
     0 | D:1      | Reached XP level 1. HP: 18/18 MP: 1/1
    67 | D:1      | Reached skill level 4 in Shields
    67 | D:1      | Reached XP level 2. HP: 18/24 MP: 2/2
   107 | D:1      | Reached XP level 3. HP: 10/29 MP: 3/3
   114 | D:1      | HP: 1/29 [goblin (3)]
   115 | D:1      | Slain by a bat

Illustrated notes

Levels and vault maps discovered:
D:1:      lordsloth_arrival_two_stooges, layout_basic,
          shapermc_ecumenical_altar_notcrosses, minmay_misc_feat_hallway,
          minmay_octomino_e4

Skill      XL: |  1 |
---------------+----+-----
Shields        | 4 |  4.5
Fighting       | |  3.2
Maces & Flails | |  2.4
Armour         | |  3.2

Action                   || total
-------------------------++-------
Melee: Flail             ||    66
Armor: Scale mail        ||    37
Dodge: Dodged            ||    46
Block: Kite shield       ||    64

Table legend: (Time is in decaauts)
 A = Elapsed time spent in this place.
 B = Non-inter-level travel time spent in this place.
 C = Inter-level travel time spent in this place.
 D = Time resting spent in this place.
 E = Time spent auto-exploring this place.
 F = Levels seen in this place.
 G = Mean time per level.
                   A        B        C        D        E       F      G
               +--------+--------+--------+--------+--------+-----+--------+
         Total |    144 |    144 |      0 |      0 |      0 |   1 |  144.0 |
       Dungeon |    144 |    144 |      0 |      0 |      0 |   1 |  144.0 |
               +--------+--------+--------+--------+--------+-----+--------+

Top non-repeatable levels by time:
     D:1: 144 daAuts
